AoeStats
← [TYN] Shamburger

Arabia

509774827Analyzed
3v3 RM · 5d ago on Sep 28, 2026· 56m 36s· 6 players
Game mode
Random Map
Map size
Normal (6 player)
Population
200
Speed
Normal
Resources
Standard
Victory
Conquest
Starting age
Dark Age
Ending age
Imperial Age
RankedLock teamsTeams togetherTeam positionsShared explorationLock speedFull tech treeHidden civsTurbo modeCheats
Victory
Defeat
🇵🇪 Persians · Peru
1207
+16
🇫🇷 Lithuanians · France
1199
+16
🇦🇷 Varangians · Argentina
1178
+17
🇺🇸 Saxons · United States
1217
-17
🇺🇸 Varangians · United States
1216
-17
🇺🇸 Danes · United States
1175
-15
[TYN] Shamburger
3:11 Loom
10:50 Feudal Age
11:36 Double-Bit Axe
12:43 Forging
13:27 Scale Barding Armor
15:35 Bloodlines
22:36 Castle Age
21:21 Horse Collar
21:36 Gold Mining
23:18 Wheelbarrow
22:28 Town Watch
24:04 Iron Casting
23:37 Husbandry
26:10 Chain Barding Armor
33:25 Hand Cart
33:11 Town Patrol
35:01 Fletching
37:05 Stone Mining
40:03 Vendel Legacy
44:16 Imperial Age
43:17 Herbal Medicine
44:52 Bow Saw
44:17 Cavalier
45:58 Blast Furnace
45:34 Plate Barding Armor
50:09 Stone Shaft Mining
50:38 Conscription
51:15 Heavy Plow
Baruchiev
6:52 Loom
9:26 Feudal Age
10:20 Town Watch
10:49 Double-Bit Axe
13:12 Horse Collar
14:44 Padded Archer Armor
15:07 Fletching
16:46 Wheelbarrow
24:37 Castle Age
23:32 Scale Barding Armor
24:08 Scale Mail Armor
24:50 Bloodlines
26:07 Chain Barding Armor
26:00 Bow Saw
27:36 Forging
30:22 Iron Casting
37:06 Husbandry
39:24 Heavy Plow
42:50 Imperial Age
41:35 Bodkin Arrow
43:15 Leather Archer Armor
43:35 Thumb Ring
44:33 Plate Barding Armor
43:39 Elite Skirmisher
44:50 Bracer
47:24 Conscription
48:15 Ring Archer Armor
50:39 Ballistics
51:17 Cavalier
55:47 Masonry
El Botascha 2.0
0:52 Loom
11:02 Feudal Age
11:32 Double-Bit Axe
16:12 Fletching
16:55 Padded Archer Armor
17:23 Horse Collar
23:37 Castle Age
23:00 Bloodlines
23:35 Scale Barding Armor
24:06 Husbandry
24:47 Heavy Plow
26:28 Wheelbarrow
31:50 Bow Saw
33:01 Town Watch
33:41 Chain Barding Armor
33:32 Forging
34:50 Hand Cart
34:46 Gold Mining
34:47 Stone Mining
39:08 Iron Casting
39:54 Gold Shaft Mining
39:56 Stone Shaft Mining
39:17 Light Cavalry
39:37 Pikeman
40:17 Squires
44:11 Imperial Age
41:41 Town Patrol
42:40 Elite Skirmisher
42:47 Man-at-Arms
43:13 Gambesons
43:14 Arson
44:24 Leather Archer Armor
44:19 Murder Holes
44:04 Cavalier
45:56 Two-Man Saw
45:40 Conscription
46:54 Plate Barding Armor
47:19 Blast Furnace
46:51 Crop Rotation
47:27 Hoardings
47:08 Scale Mail Armor
46:34 Heavy Camel Rider
50:13 Chain Mail Armor
51:04 Chemistry
50:15 Masonry
50:30 Savar
51:18 Hussar
54:18 Plate Mail Armor
54:21 Architecture
getdeaded
8:02 Loom
11:34 Feudal Age
12:45 Double-Bit Axe
12:29 Man-at-Arms
13:14 Man-at-Arms
14:19 Scale Mail Armor
15:42 Forging
17:28 Padded Archer Armor
30:00 Castle Age
30:32 Pikeman
31:12 Squires
32:42 Elite Skirmisher
34:46 Squires
36:15 Wheelbarrow
37:21 Fletching
39:42 Arson
43:05 Chain Mail Armor
Mr. Frog
1:19 Loom
9:20 Feudal Age
10:55 Double-Bit Axe
13:49 Fletching
14:25 Horse Collar
19:49 Scale Mail Armor
24:27 Castle Age
22:32 Padded Archer Armor
23:08 Forging
23:49 Gold Mining
24:36 Wheelbarrow
23:58 Arson
24:30 Crossbowman
25:16 Bodkin Arrow
24:52 Pikeman
27:13 Bow Saw
27:07 Heavy Plow
27:31 Thumb Ring
27:34 Squires
27:51 Leather Archer Armor
38:28 Imperial Age
40:14 Conscription
40:20 Halberdier
41:54 Town Watch
43:21 Hand Cart
44:29 Chain Mail Armor
44:54 Iron Casting
45:40 Conscription
45:02 Shield Wall
52:06 Two-Man Saw
52:17 Plate Mail Armor
51:59 Elite Varangian Guard
52:45 Gambesons
terlet water
6:50 Loom
8:53 Feudal Age
9:45 Double-Bit Axe
10:29 Horse Collar
14:25 Bloodlines
15:09 Scale Barding Armor
16:15 Forging
21:42 Castle Age
19:55 Fletching
20:35 Gold Mining
22:53 Bow Saw
23:15 Chain Barding Armor
23:39 Husbandry
25:36 Wheelbarrow
30:22 Heavy Plow
31:42 Hand Cart
33:07 Town Watch
34:27 Iron Casting
34:35 Vendel Legacy
40:30 Imperial Age
40:44 Cavalier
42:05 Plate Barding Armor
43:22 Conscription
44:54 Blast Furnace
44:22 Ballistics
43:57 Stone Mining
45:37 Two-Man Saw
45:30 Siege Engineers
46:03 Bodkin Arrow
46:06 Murder Holes
47:58 Chemistry
48:09 Bracer
48:20 Masonry
49:10 Squires
49:25 Herbal Medicine
54:56 Light Cavalry
55:16 Light Cavalry
Connection lost

Rejoining the realm…

Still unreachable

The connection could not be restored.

Session expired

The server has moved on; the page needs a fresh start.